 Dungeon Sprint DCSS version 0.31-a0-632-g766dd24fdf (webtiles) character file.

Game seed: 5652503031734271908

260 sircluck the Ruffian (level 5, -2/91 HPs)
             Began as a Troll Berserker on Aug 25, 2023.
             Was an Elder of Trog.
             Slain by a human
             ... wielding a +0 whip
              (13 damage)
             ... in the Dungeon (Sprint III: "The Ten Rune Challenge").
             The game lasted 00:01:36 (389 turns).

sircluck the Ruffian (Troll Berserker)               Turns: 389, Time: 00:01:37

Health: -2/91      AC:  5    Str: 27    XL:     5   Next: 95%
Magic:  4/4        EV: 11    Int:  3    God:    Trog [****..]
Gold:   46         SH:  0    Dex:  9    Spells: 4/4 levels left

rFire   . .          .
                       - Unarmed
rCold   . . .        (no shield)
rNeg    . . .        a - +0 animal skin
rPois   .            (helmet restricted)
rElec   .            b - +0 cloak
rCorr   .            (gloves unavailable)
SInv    .            (boots unavailable)
Will    .....        (no amulet) Stlth
                     (no ring)
HPRegen 1.15/turn    (no ring)
MPRegen 0.09/turn

%: no teleportation
@: berserking, very quick
A: large, unfitting armour, claws 3, regeneration 1, shaggy fur 1, tough skin 1
a: Renounce Religion, Berserk, Trog's Hand, Brothers in Arms


You were in the Dungeon.
You worshipped Trog.
Trog was greatly pleased with you.
You visited 1 branch You collected 46 gold pieces.

Inventory:

Armour
 a - a +0 animal skin (worn)
 b - a +0 cloak (worn)
Wands
 o - a wand of roots (12)
Scrolls
 g - a scroll of blinking
 i - a scroll of immolation {unknown}
 j - a scroll of enchant weapon {unknown}
 l - a scroll of torment {unknown}
 m - a scroll of identify {unknown}
Potions
 c - a potion of heal wounds
 d - 2 potions of haste
 e - 2 potions of magic
 f - a potion of berserk rage
 h - 2 potions of mutation {unknown}
 k - 2 potions of enlightenment {unknown}
 n - a potion of degeneration {unknown}


   Skills:
 + Level 6.5 Fighting
 + Level 6.4 Dodging
 + Level 7.7 Unarmed Combat


You had 4 spell levels left.
You didn't know any spells.
Your spell library was empty.

Dungeon Overview and Level Annotations

Branches:
Dungeon (1/1)

Altars:
Dithmenos
Kikubaaqudgha
Okawaru
Ru
Sif Muna
Trog
Uskayaw
Vehumet
Wu Jian
Yredelemnul


Innate Abilities, Weirdness & Mutations

You are too large for most types of armour.
You have claws for hands.
Your natural rate of healing is unusually fast.
You are covered in fur. (AC +1)
You have tough skin. (AC +1)


Message History

A human comes into view. It is wielding a +0 whip.
The human escapes!
You barely miss the human.
The human is lightly wounded.
Unknown command.
You closely miss the human.
The human is lightly wounded.
You closely miss the human.
The human is lightly wounded.
The human hits you. The human hits you with a +0 whip!
You closely miss the human.
The human is lightly wounded.
The human completely misses you. The human closely misses you.
A red film seems to cover your vision as you go berserk!
You feel yourself moving faster!
You feel mighty! The human closely misses you. The human hits you!
The human hits you with a +0 whip!
You barely miss the human.
The human is lightly wounded.
The human hits you!
You barely miss the human.
The human is lightly wounded.
The human hits you with a +0 whip.
* * * LOW HITPOINT WARNING * * *
You scratch the human.
The human is moderately wounded.
The human hits you with a +0 whip.
* * * LOW HITPOINT WARNING * * *
The human hits you.
* * * LOW HITPOINT WARNING * * *
You barely miss the human.
The human is moderately wounded.
The human closely misses you.
You claw the human!
The human is heavily wounded.
The human barely misses you. The human hits you with a +0 whip!
* * * LOW HITPOINT WARNING * * *
You closely miss the human.
The human is heavily wounded.
The human hits you with a +0 whip!
You die...

▓▓ ▓▓▓ .#### ##.#
######## ....#####..#
#___#__# ..)..#..#..#
#__ #._#
##...#..#..###+#p###)##
###..##'#..#...p@.....#
.##..###...'.⌠........#
##..####...#...######+#
##†.###....#.⌠.#
#...##.....#...#
....#.)....#)###
..##.#.....#.:.#
..#####....#___# ▓▓▓
▓▓▓▓▓▓▓▓▓▓


You could see 2 humans.

Vanquished Creatures
  A necrophage (D)
  A water elemental (D)
  Crazy Yiuf (D)
  Jessica (D)
  A necromancer (D)
  A human (D)
  A kobold demonologist (D)
  3 rats (D)
10 creatures vanquished.

Vanquished Creatures (others)
  A wizard (D)
1 creature vanquished.

Grand Total: 11 creatures vanquished

Notes
Turn   | Place    | Note
-------+----------+-------------------------------------------
     0 | D        | sircluck the Troll Berserker began the quest for the Orb.
     0 | D        | Reached XP level 1. HP: 22/22 MP: 0/0
    25 | D        | Noticed Jessica
    29 | D        | Killed Jessica
    29 | D        | Reached ** piety under Trog
    30 | D        | Reached skill level 4 in Unarmed Combat
    30 | D        | Reached XP level 2. HP: 32/32 MP: 1/1
    62 | D        | Reached XP level 3. HP: 39/39 MP: 2/2
   107 | D        | Noticed Crazy Yiuf
   113 | D        | HP: 1/39 [Crazy Yiuf/+4 quarterstaff of chaos (3)]
   115 | D        | Killed Crazy Yiuf
   116 | D        | Reached skill level 5 in Unarmed Combat
   116 | D        | Reached XP level 4. HP: 3/49 MP: 3/3
   173 | D        | Noticed a water elemental
   179 | D        | Killed a water elemental
   179 | D        | Reached *** piety under Trog
   180 | D        | Reached skill level 5 in Fighting
   180 | D        | Reached skill level 5 in Dodging
   180 | D        | Reached skill level 6 in Unarmed Combat
   282 | D        | Found a basalt altar of Yredelemnul.
   282 | D        | Found a shadowy altar of Dithmenos.
   282 | D        | Found a sacrificial altar of Ru.
   282 | D        | Noticed a necrophage
   285 | D        | Reached XP level 5. HP: 58/58 MP: 4/4
   289 | D        | Reached skill level 7 in Unarmed Combat
   304 | D        | Found a radiant altar of Vehumet.
   304 | D        | Found a shimmering blue altar of Sif Muna.
   304 | D        | Found an ancient bone altar of Kikubaaqudgha.
   307 | D        | Noticed a neqoxec
   320 | D        | Reached **** piety under Trog
   377 | D        | Found a hide-covered altar of Uskayaw.
   377 | D        | Found an iron altar of Okawaru.
   377 | D        | Found a bloodstained altar of Trog.
   377 | D        | Found an ornate altar of the Wu Jian Council.
   377 | D        | Noticed a human
   378 | D        | Noticed a human
   389 | D        | Slain by a human

Illustrated notes

Levels and vault maps discovered:
D:        dungeon_sprint_mu [sprint_mu_entry_cave, sprint_mu_temple_rooms,
          sprint_mu_d1_horrors, sprint_mu_d2_genie, sprint_mu_d3_branching,
          sprint_mu_orc_legion, sprint_mu_elf_gauntlet, sprint_mu_hive_nellie,
          sprint_mu_lair_fedhas, sprint_mu_vaults_butterflies,
          sprint_mu_slime_circle, sprint_mu_swamp_cave, sprint_mu_shoals_kraken,
          sprint_mu_blade_basic, sprint_mu_crypt_fortress,
          sprint_mu_tomb_spiral, sprint_mu_vestibule_basic,
          sprint_mu_gehenna_hellfire, sprint_mu_dis_giant,
          sprint_mu_tartarus_statrot, sprint_mu_cocytus_islands, sprint_mu_zot1]

Skill      XL: |  1  2  3  4  5 |
---------------+----------------+-----
Fighting       | 3 4 5 6 |  6.5
Dodging        | 3 4 5 6 |  6.4
Unarmed Combat | 4 5 6 7 |  7.7

Action                     |  1- 3 |  4- 6 || total
---------------------------+-------+-------++-------
  Melee: Unarmed           |    16 |    36 ||    52
         Punch             |       |     1 ||     1
 Invoke: Berserk           |     1 |     3 ||     4
  Evoke: Wand              |       |     1 ||     1
    Use: Potion            |     1 |       ||     1
 Armour: Animal skin       |     3 |     5 ||     8
  Dodge: Dodged            |     8 |     8 ||    16

Table legend: (Time is in decaauts)
 A = Elapsed time spent in this place.
 B = Non-inter-level travel time spent in this place.
 C = Inter-level travel time spent in this place.
 D = Time resting spent in this place.
 E = Time spent auto-exploring this place.
 F = Levels seen in this place.
 G = Mean time per level.
                   A        B        C        D        E       F      G
               +--------+--------+--------+--------+--------+-----+--------+
         Total |    419 |    397 |     22 |    248 |     27 |   1 |  419.0 |
       Dungeon |    419 |    397 |     22 |    248 |     27 |   1 |  419.0 |
               +--------+--------+--------+--------+--------+-----+--------+

Top non-repeatable levels by time:
       D: 419 daAuts
